Cogmind - Beta 11 @@@ ROGUE MODE // 2022.04.04 @ 16:48:07 Player: youngster Result: Destroyed by G-34 Mercenary with Small Laser Performance ------------- Evolutions (0) 0 Regions Visited (2) 400 Robots Destroyed (39) 195 Value Destroyed (998) 998 Prototype IDs (0) 0 Alien Tech Used (0) 0 Bonus (82) 82 TOTAL SCORE: 1675 Bonus ------- Follower Combat Kills 82 Cogmind --------- Core Integrity 0/250 Matter 252/300 Energy 125/125 System Corruption 0% Temperature Cool (10) Movement Treading (240) Ox1 Location -10/Mines Parts ------- > --- POWER (1) -------- Light Ion Engine > --- PROPULSION (2) --- Improved Treads Improved Treads > --- UTILITY (2) ------ Huge Storage Unit Hardened Light Armor Plating > --- WEAPON (2) ------- Assault Rifle Assault Rifle > --- INVENTORY (25) --- Light Treads Improved Treads Wheel Compact Wheel Compact Wheel Huge Storage Unit Small Matter Pod (50) Improved Terrain Scanner Improved Targeting Computer Weapon Shielding Hardened Light Armor Plating Hardened Light Armor Plating Tractor Beam Small Laser Particle Gun Light EM Pulse Cannon Light EM Pulse Cannon Beam Cannon Assault Rifle Assault Rifle Assault Rifle Assault Rifle Light Assault Rifle Light Assault Rifle Rocket Launcher Peak State ------------ > --- POWER ------------ Ion Engine > --- PROPULSION ------- Improved Treads Improved Treads > --- UTILITY ---------- Huge Storage Unit Hardened Light Armor Plating > --- WEAPON ----------- Particle Gun Assault Rifle > --- INVENTORY -------- Ion Engine Light Treads Improved Treads Improved Treads Compact Wheel Compact Wheel Huge Storage Unit Small Matter Pod Improved Targeting Computer Weapon Shielding Hardened Light Armor Plating Hardened Light Armor Plating Tractor Beam Small Laser Particle Gun Light EM Pulse Cannon Light EM Pulse Cannon Assault Rifle Assault Rifle Assault Rifle Assault Rifle Assault Rifle Assault Rifle Light Assault Rifle Light Assault Rifle [Rating: 14] Favorites ----------- Power Ion Engine Engine Ion Engine Propulsion Improved Treads Treads Improved Treads Wheel Compact Wheel Utility Huge Storage Unit Device Tractor Beam Storage Huge Storage Unit Protection Hardened Light Armor Plating Weapon Assault Rifle Energy Gun Particle Gun Ballistic Gun Assault Rifle Build | -11 -10 -10 ------- Run | Scr Mat Min Slots Evolved . | . . . Power . | . . . Propulsion . | . . . Utility . | . . . Weapon . | . . . Parts Attached 36 | 6 24 6 Power 4 | 1 1 2 Engine 4 | 1 1 2 Core . | . . . Reactor . | . . . Propulsion 15 | 2 12 1 Treads 9 | 2 6 1 Leg . | . . . Wheel 6 | . 6 . Hover . | . . . Flight . | . . . Utility 9 | 1 7 1 Device 4 | . 4 . Storage 3 | 1 2 . Processor . | . . . Hackware . | . . . Protection 2 | . 1 1 Artifact . | . . . Weapon 8 | 2 4 2 Energy Gun 3 | 1 2 . Energy Cannon . | . . . Ballistic Gun 5 | 1 2 2 Ballistic Cannon . | . . . Launcher . | . . . Special Weapon . | . . . Impact Weapon . | . . . Slashing Weapon . | . . . Piercing Weapon . | . . . Special Melee Weapon . | . . . Unidentified Prototypes . | . . . Parts Lost 10 | . 5 5 Power 3 | . 1 2 Propulsion 2 | . 1 1 Utility 2 | . 2 . Weapon 3 | . 1 2 Highest Loss Streak 4 | . 4 2 To Critical Strikes . | . . . Average Slot Usage (%) 96 | . 94 98 Engine 13 | . 13 12 Treads 20 | . 16 28 Wheel 7 | . 11 . Device 8 | . 9 6 Storage 14 | . 14 14 Protection 2 | . . 7 Energy Gun 11 | . 13 5 Ballistic Gun 16 | . 14 21 Naked Turns . | . . . Heaviest Build 92 | 12 91 92 Greatest Support 46 | 40 46 46 Greatest Overweight (x) 5 | . 5 1 Average Overweight (x) 1 | . 1 1 Largest Inventory Capacity 25 | 8 25 25 Average Capacity 22 | 7 21 25 Most Carried 25 | 4 25 25 Average Carried 19 | 2 18 23 Final Capacity 25 | 8 25 25 Final Carried 25 | 4 25 25 Class Distribution -------------------- 77% | Mutant 22% | Scavenger-Mutant Dominant Class ---------------- Mutant | -10/Materials Mutant | -10/Mines Resources | -11 -10 -10 ----------- Run | Scr Mat Min Matter Collected 929 | 192 471 266 Remotely 154 | . 92 62 Salvage Created 1337 | 10 816 511 Parts 77 | 2 50 25 Haulers Intercepted 2 | . 2 . Recyclers Shooed 1 | 1 . . Parts Field Recycled . | . . . Retrieved Matter . | . . . Parts Self-Destructed . | . . . Prevented . | . . . Kills | -11 -10 -10 ------- Run | Scr Mat Min Combat Hostiles Destroyed 30 | . 16 14 Guns 30 | . 16 14 Classes Destroyed 8 | 1 6 1 Tunneler 4 | 1 . 3 Hauler 2 | . 2 . Recycler 2 | . 2 . Operator 1 | . 1 . Watcher 2 | . 2 . Swarmer 3 | . 3 . Grunt 25 | . 13 12 Assembled 2 | . . 2 Best Kill Streak 3 | 1 3 3 Combat Bots Only 3 | . 3 3 Max Kills in Single Turn 2 | 1 1 2 Gunslinging 1 | . . 1 Exploded . | . . . Melee . | . . . Uniques/NPCs Destroyed . | . . . Combat | -11 -10 -10 -------- Run | Scr Mat Min Damage Taken 1825 | . 895 930 Core 256 | . 137 119 Absorbed by Shields . | . . . Core Remaining (%) 100 | 100 . . Volleys Fired 127 | 6 71 50 Largest 2 | 2 2 2 Hottest 85 | 60 85 85 Shots Fired 252 | 12 140 100 Gun 252 | 12 140 100 Cannon . | . . . Launcher . | . . . Special . | . . . Kinetic 164 | 6 70 88 Thermal 88 | 6 70 12 Explosive . | . . . Electromagnetic . | . . . Robot Hit Streak 12 | 5 12 10 Robot Miss Streak 4 | 2 3 4 Penetration Max . | . . . Secondary Targets 2 | . . 2 Max Gunslinging Chain 1 | . . 1 Shots Hit Robots 165 | 8 88 69 Core Hits 66 | 3 38 25 Critical Kills . | . . . Critical Parts Destroyed . | . . . Critical Strikes . | . . . Melee Attacks . | . . . Impact . | . . . Slashing . | . . . Piercing . | . . . Sneak Attacks . | . . . Combat Hostiles . | . . . Follow-up Attacks . | . . . Damage Inflicted 2161 | 74 1151 936 Guns 2092 | 74 1114 904 Cannons . | . . . Explosions . | . . . Melee . | . . . Ramming 69 | . 37 32 Kinetic 1205 | 40 435 730 Thermal 887 | 34 679 174 Explosive . | . . . Electromagnetic . | . . . Impact . | . . . Slashing . | . . . Piercing . | . . . Highest Corruption . | . . . Average Corruption . | . . . Corruption Purged . | . . . Corruption Blocked . | . . . Overload Shots . | . . . Overflow Damage 9 | . 9 . Projectiles . | . . . Explosions . | . . . Melee 9 | . 9 . Knockbacks . | . . . Impact . | . . . Kinetic . | . . . Secondary . | . . . Self-Inflicted Damage . | . . . Shots . | . . . Rammed 8 | 1 4 3 Targets Rammed 9 | 1 4 4 Kicked . | . . . Crushed 1 | . . 1 Highest Temperature 212 | 20 186 212 Average Temperature 56 | 14 56 61 Received Heat Transfer 960 | . 486 474 Siege Activations . | . . . Robots Corrupted . | . . . Combat Hostiles . | . . . Parts Fried 1 | . 1 . Impact Corruptions 1 | . 1 . Robots Melted . | . . . Combat Hostiles . | . . . Parts Melted . | . . . Heat Transferred 2054 | 75 1572 407 Parts Sabotaged . | . . . Parts Stolen . | . . . Parts Stripped . | . . . Power Chain Reactions . | . . . Missiles Intercepted . | . . . Alert | -11 -10 -10 ------- Run | Scr Mat Min Peak Influence 184 | 5 134 184 Initial 36 | . 3 36 Average 59 | 2 68 50 Maximum Alert Level . | . . . Low Security (%) 100 | 100 100 100 Level 1 . | . . . Level 2 . | . . . Level 3 . | . . . Level 4 . | . . . Level 5 . | . . . High Security . | . . . Max Security . | . . . Squads Dispatched 5 | . 5 . Investigation 2 | . 2 . Extermination . | . . . Reinforcement 3 | . 3 . Assault . | . . . Garrison . | . . . Intercept . | . . . Searches Triggered . | . . . Construction Impeded . | . . . Haulers Reinforced . | . . . Active Scanning Responses . | . . . Cargo Convoy Interrupts . | . . . Stealth | -11 -10 -10 --------- Run | Scr Mat Min Distress Signals 4 | . 3 1 Communications Jammed . | . . . Distress Signals . | . . . Times Spotted 45 | . 28 17 Peak Tracking Total 5 | . 5 4 Tactical Retreats 2 | . 1 1 Traps | -11 -10 -10 ------- Run | Scr Mat Min Traps Triggered 1 | . 1 . Indirectly . | . . . Trap Hack Attempts . | . . . Triggered . | . . . Disarmed . | . . . Reprogrammed . | . . . Reused . | . . . Traps Extracted . | . . . Installed . | . . . Triggered . | . . . Machines | -11 -10 -10 ---------- Run | Scr Mat Min Machines Disabled . | . . . Max in Single Turn . | . . . Machines Sabotaged . | . . . Garrisons Compromised . | . . . Overloaded Fab Kills . | . . . Hacking | -11 -10 -10 --------- Run | Scr Mat Min Machines Accessed 7 | . 7 . Terminals 5 | . 5 . Fabricators . | . . . Repair Stations . | . . . Recycling Units 2 | . 2 . Scanalyzers . | . . . Garrison Access . | . . . Total Hacks 12 | . 12 . Successful 8 | . 8 . Failed 4 | . 4 . Catastrophic . | . . . Database Lockouts . | . . . Manual 9 | . 9 . Terminals 10 | . 10 . Fabricators . | . . . Repair Stations . | . . . Recycling Units 2 | . 2 . Scanalyzers . | . . . Garrison Access . | . . . Terminal Hacks 3 | . 3 . Terminal Index 1 | . 1 . Locate Traps 2 | . 2 . Fabricator Hacks . | . . . Repair Station Hacks . | . . . Recycling Unit Hacks . | . . . Scanalyzer . | . . . Garrison Access Hacks . | . . . Unauthorized Hacks 5 | . 5 . Terminals 3 | . 3 . Track 3 | . 3 . Fabricators . | . . . Repair Stations . | . . . Recycling Units 2 | . 2 . Tunnel 2 | . 2 . Scanalyzers . | . . . Garrison Access . | . . . Data Cores Recovered . | . . . Used . | . . . Hacking Detections 4 | . 4 . Full Trace Events . | . . . Feedback Events . | . . . Feedback Blocked . | . . . Robot Schematics Acquired . | . . . Robots Built . | . . . Authchips . | . . . Time . | . . . Total Robot Build Rating . | . . . Part Schematics Acquired . | . . . Parts Built . | . . . Authchips . | . . . Time . | . . . Total Part Build Rating . | . . . Parts Repaired . | . . . Time . | . . . Parts Recycled . | . . . Recycled Matter . | . . . Retrieved Matter . | . . . Retrieved Components . | . . . Parts Scanalyzed . | . . . Part Schematics Acquired . | . . . Parts Damaged . | . . . Bothacking | -11 -10 -10 ------------ Run | Scr Mat Min Used RIF Installer . | . . . Robots Hacked . | . . . Non-combat . | . . . Combat . | . . . Robot Hacks Applied . | . . . Relay Couplers Released . | . . . Fabnet Peak Effective % . | . . . Robots Rewired . | . . . Allies Hacked . | . . . Hacks Repelled . | . . . Allies | -11 -10 -10 -------- Run | Scr Mat Min Total Allies 3 | . . 3 Largest Group 3 | . . 3 Highest-Rated Group 40 | . . 40 Highest-Rated Ally 16 | . . 16 Total Orders . | . . . Ally Attacks 32 | . . 32 Total Damage 302 | . . 302 Kills 5 | . . 5 Allies Corrupted . | . . . Allies Melted . | . . . Intel | -11 -10 -10 ------- Run | Scr Mat Min Robot Analysis Total . | . . . Derelict Logs Recovered . | . . . Drone Launches . | . . . Drone Recoveries . | . . . Exploration | -11 -10 -10 ------------- Run | Scr Mat Min Turns Passed 3044 | 126 1859 1059 Spaces Moved 1205 | 64 888 253 Core 6 | 6 . . Treads 671 | 58 360 253 Legs . | . . . Wheels 528 | . 528 . Hover . | . . . Flight . | . . . Fastest Speed 50 | 50 100 240 Average Speed 182 | 149 168 240 Slowest Speed 240 | 160 240 240 Overloaded Moves . | . . . Propulsion Burnouts . | . . . Robots Hopped . | . . . Cave-ins Triggered . | . . . Exploration Rate (%) 49 | 5 98 46 Regions Visited 2 Branch Regions 1 Pre-discovered Areas 2 | . 2 . Known Exits Taken . | . . . Unknown Exits Taken 2 | 1 1 . Scrap Searched 1 | . . 1 Spaces Dug . | . . . Terrain Destroyed . | . . . Melee . | . . . Projectile . | . . . AOE . | . . . Terrain Rammed . | . . . Walls Destroyed . | . . . Machines Disabled . | . . . Actions | -11 -10 -10 --------- Run | Scr Mat Min Total 1795 | 80 1116 599 Wait 372 | . 90 282 Move 1203 | 63 887 253 Hop . | . . . Pick Up 37 | 4 29 4 Fast Attach 10 | 6 3 1 Attach 9 | . 5 4 Detach 1 | . 1 . Swap 17 | . 16 1 Drop 10 | . 10 . Fire 127 | 6 71 50 Melee . | . . . Ram . | . . . Kick . | . . . Crush 9 | 1 4 4 Escape Stasis . | . . . Rewire . | . . . Trap . | . . . Miscellaneous . | . . . Route ------- -11/Scrapyard -10/Materials (discovered 5 exits: [*Mat x3] / [*Min x2]) -10/Mines History --------- Turn | Location | Event 30 | -11/Scrapyard | Discovered new exit (range 16) 127 | -11/Scrapyard | Entered Materials 216 | -10/Materials | Discovered new exit (range 16) 296 | -10/Materials | Lost 4 parts (1p1n1u1w) 314 | -10/Materials | Build established: Mutant 415 | -10/Materials | Discovered new exit (range 15) 549 | -10/Materials | Discovered new exit (range 16) 672 | -10/Materials | Discovered new exit (range 6) 911 | -10/Materials | Build established: Scavenger-Mutant 1061 | -10/Materials | Core integrity fell below 50% 1067 | -10/Materials | Discovered new exit (range 10) 1572 | -10/Materials | Build established: Mutant 1986 | -10/Materials | Entered Mines 2061 | -10/Mines | Excavation squad dispatched 2061 | -10/Mines | A large section of the Mines collapsed 2311 | -10/Mines | Excavation squad dispatched 2455 | -10/Mines | Core integrity fell below 20% 2561 | -10/Mines | Excavation squad dispatched 2632 | -10/Mines | Assisted by bots powering up and referring to "LRC-V3" 2811 | -10/Mines | Excavation squad dispatched 2818 | -10/Mines | Received a Rocket Launcher from a helpful Derelict 3045 | -10/Mines | Destroyed by G-34 Mercenary with Small Laser Last Messages --------------- 02815_ Q3-4IM(g): "Everyone knows a good old rocket launcher goes a long way." 02816_ Q3-4IM(g): "Need to get rid of a swarm? Done. Need a big hole in the wall? Done." 02817_ Q3-4IM(g): "Need a small hole in the wall? Leave that to the mining laser wimps, I say!" 02817_ K-01 Serf collects debris. 02818_ Q3-4IM(g): "Would you like a rocket launcher? I know I would if I were you, so I'm going to lend you mine." 02818_ Q3-4IM(g) slips back into the shadows. 02821_ Acquired Rocket Launcher. 02828_ K-01 Serf collects debris. 02843_ Crushed T-07 Excavator. 02843_ T-07 Excavator destroyed. 02846_ Slammed into K-01 Serf. 02855_ Slammed into T-07 Excavator. 03003_ Acquired 2 matter. 03008_ G-34 Mercenary destroyed. 03011_ Acquired 5 matter. 03040_ G-34 Mercenary destroyed. Map ----- +----------------------------------------------------+ | ???????????????????# ?????# #????????????????? | | ????????????????????# #????#%%#????????????????? | | ???????????????????## #???# #????????????????? | | ???????????????????# #### ##???????????????? | | ???????????????????# ##= ####????????????? | | ????????????????????# !%!%=* ##???????????? | | ???????############????## [%=[!%% ! ##??????????? | | ???????# #?????##%= ## ##?????????? | | ???????# #?????##%* #### #?????????? | | ???????# #???###[=! ##??# #?????????? | | ???????# #??## %= #???##!/ #?????????? | | ???????# #?## ##????#% #?????????? | | ???????# !!! #?# %##?????# = #?????????? | | ???????# ! ! #?# ##?????## ###?????????? | | ???????# ! #?# #??????# #???????????? | | ???????# !!! #### ##?????# #######???????? | | ???????# # !#????##!#?## ##??????? | | ???????# # =%#???##%!### #??????? | | ???????# # [#####== | #??##### | | ##?????# #### ; ##?## %!= | | ##????# #??## ####% | | | ###??# #???##### ## % = | | ######### ####???????# ## ##### % = | | # #### #????????###= ##???####### " | | ### # ###??????#%g*## #??????????## | | ??## ##?????#@##### ##??????????### | | ???# ##????#*#??## #????????????##" | | ???## ### ##???#t#??# #?????????????## | | ????#######?## ##??# #?# #?????????????? | | ?????????????## ##?#=#?# ??????????? | | ??????????????# ### #?## #????????? | | ??????????????# %#??### #????????? | | ??????????????## ####?????# #????????? | | ???????????????##### #????????? ##????????? | | ???????????????????## #????????? ##?????????? | | ????????????????????## #????????? ##??????????? | | ?????????????????????###????????? ##???????????? | | ?????????????????????????????????####????????????? | | ?????????????????????????????????????????????????? | | ?????????????????????????????????????????????????? | | ?????????????????????????????????????????????????? | | ?????????????????????????????????????????????????? | | ?????????????????????????????????????????????????? | | | | | | | | | | | | | | | +----------------------------------------------------+ Best States ------------- Heat Dissipation 35 Energy Generation 10 Energy Capacity 250 Matter Stores 300 Matter Capacity 300 Sight Range 16 Terrain Scan Range 16 Terrain Scan Density 10 Armor Coverage 150 Evasion (%) 40 Recoil Reduction 2 Item Schematics ----------------- None Robot Schematics ------------------ None Fabricated ------------ Nothing Alien Tech Used ----------------- None Achievements -------------- None Challenges ------------ None Game ------ Seed BeamMicroBeam Manual? 1 Play Time 00:22:10 Cumulative 255.9 hours Start 2022.04.04 @ 07:33:47 End 2022.04.04 @ 16:48:07 Sessions 2 Manual Loads 0 Difficulty Rogue Special Mode None Game No. 117 Rogue 117 Adventurer 0 Explorer 0 Win Type - Total 6 Types 4/0/0/1/0/0/0/1/0 Lore% 86 Gallery% 88 Achievement% 67 Wizard Run 0 Options --------- ASCII 0 Keyboard 1 Movement Vi Keybinds 0 Fullscreen 2 Font 18/Cog Map View 76x50 Tactical HUD 1 Map Filters NONE Filters NONE Steam 0 RUN: d57be642-4856-4689-8181-0532662a694a